 Dungeon Crawl Stone Soup version 0.26.0-45-g9c1d065592 (webtiles) character file.

Game seed: 13746496311395637874

623 kaeus the Sneak (level 7, -1/49 HPs)
             Began as an Octopode Monk on Jan 28, 2021.
             Splashed by a jelly's acid (8 damage)
             ... on level 6 of the Dungeon.
             The game lasted 00:04:54 (3710 turns).

kaeus the Sneak (Octopode Monk)                     Turns: 3710, Time: 00:04:54

Health: -1/49      AC:  1    Str: 10    XL:     7   Next: 47%
Magic:  7/7        EV: 17    Int: 13    God:
Gold:   163        SH:  0    Dex: 22    Spells: 6/6 levels left

rFire    . . .     SeeInvis +   f - +5 dagger
rCold    . . .     Faith    .   (no shield)
rNeg     . . .     Spirit   .   (helmet restricted)
rPois    .         Reflect  .   (no amulet)
rElec    .         Harm     .   c - +6 ring of dexterity
rCorr    .         Rampage  .   a - ring of see invisible
Will     .....                  (no ring)
Stlth    +++++.....             (no ring)
HPRegen  0.16/turn              (no ring)
MPRegen  0.10/turn              (no ring)
                                (no ring)
                                (no ring)

@: brilliant, hasted, very quick
A: almost no armour, stealthy swim, amphibious, 8 rings, constrict 8, camouflage
1, gelatinous body 1
a: no special abilities


You were on level 6 of the Dungeon.
You visited 1 branch of the dungeon, and saw 5 of its levels.

You collected 163 gold pieces.

Inventory:

Hand Weapons
 f - a +5 dagger (weapon)
Jewellery
 a - a ring of see invisible (right tentacle)
 c - a +6 ring of dexterity (left tentacle)
Wands
 o - a wand of digging (2)
Scrolls
 e - 4 scrolls of identify
 i - 3 scrolls of remove curse
Potions
 d - a potion of cancellation
 k - a potion of heal wounds {unknown}
 m - a potion of ambrosia


   Skills:
 + Level 4.5 Fighting
 + Level 4.5 Short Blades
 + Level 4.6 Dodging
 * Level 7.5 Stealth


You had 6 spell levels left.
You didn't know any spells.
Your spell library was empty.

Dungeon Overview and Level Annotations

Branches:
Dungeon (4/15)
 Temple: D:4-7

Altars:

Annotations:
D:2 1 runed translucent door, Crazy Yiuf


Innate Abilities, Weirdness & Mutations

You cannot wear most types of armour.
You are very stealthy in the water. (Stealth+)
You are amphibious.
You can wear up to eight rings at the same time.
You can use your tentacles to constrict eight enemies at once.
Your skin changes colour to match your surroundings (Stealth+).
Your rubbery body absorbs attacks. (AC +1, EV +1)


Message History

It was a scroll of random uselessness.
The bullfrog barely misses you.
As you read the scroll labelled ZAINGU HAVUO, it crumbles to dust.
The creatures around you are filled with an inner flame!
It was a scroll of immolation.
The bullfrog hits you! The jelly completely misses you.
The bullfrog misses you.
You take 7 damage, and have 15/49 hp.
As you read the scroll labelled KEOHEA CESIPP, it crumbles to dust.
It is a scroll of amnesia.
You feel forgetful for a moment. The jelly misses you.
The bullfrog completely misses you.
It was a potion of brilliance.
You feel clever all of a sudden. The bullfrog barely misses you.
The jelly closely misses you. The bullfrog hits you!
* * * LOW HITPOINT WARNING * * *
You take 8 damage, and have 8/49 hp.
It was a potion of haste.
You feel yourself speed up. The jelly hits you.
* * * LOW HITPOINT WARNING * * *
You are splashed with acid!
You die...

#.# #.# #.# ## #.#
.####.#############
.+ ..... ......J..#
.####.##########@#
.........gro...#F#
..g##......###.#o#
...##..###o..#o#o#
....#.## ##.[#.#o##
......# #.....g.#
....### ###...###
...## ##..# .#.#
#..#


You could see a bullfrog (inner flame), a jelly (inner flame), a gnoll (inner
flame) and 3 orcs.

Vanquished Creatures
  Sigmund (D:3)
  A water moccasin (D:4)
  Blork the orc (D:4)
  A scorpion (D:4)
  An orc priest (D:3)
  Ijyb (D:4)
  A worker ant (D:4)
  Robin (D:2)
  4 adders
  A worm (D:2)
  A dart slug (D:2)
  6 leopard geckos
  3 orcs (D:3)
  7 bats
  4 giant cockroaches
  11 goblins
  19 hobgoblins
  9 jackals
  8 kobolds
  3 quokkas
  A ball python (D:2)
  9 frilled lizards
  A leopard gecko skeleton (D:4)
  7 rats
102 creatures vanquished.

Notes
Turn   | Place    | Note
-------+----------+-------------------------------------------
     0 | D:1      | kaeus the Octopode Monk began the quest for the Orb.
     0 | D:1      | Reached XP level 1. HP: 16/16 MP: 1/1
    63 | D:1      | Reached skill level 3 in Stealth
    92 | D:1      | Reached XP level 2. HP: 19/21 MP: 2/2
   354 | D:1      | Reached XP level 3. HP: 19/26 MP: 3/3
   727 | D:2      | Reached skill level 4 in Stealth
  1399 | D:2      | Reached XP level 4. HP: 31/31 MP: 4/4
  1954 | D:2      | Found a runed translucent door.
  1955 | D:2      | Noticed Crazy Yiuf
  2169 | D:2      | Noticed Robin
  2194 | D:2      | Killed Robin
  2195 | D:2      | Reached XP level 5. HP: 28/36 MP: 5/5
  2464 | D:3      | Reached skill level 5 in Stealth
  2819 | D:3      | Noticed Sigmund
  2828 | D:3      | Killed Sigmund
  2829 | D:3      | Reached skill level 6 in Stealth
  2829 | D:3      | Reached XP level 6. HP: 31/43 MP: 6/6
  3214 | D:4      | Noticed a water moccasin
  3221 | D:4      | Killed a water moccasin
  3222 | D:4      | Reached XP level 7. HP: 48/48 MP: 7/7
  3253 | D:4      | Noticed Blork the orc
  3265 | D:4      | Killed Blork the orc
  3266 | D:4      | Reached skill level 7 in Stealth
  3288 | D:4      | Noticed Ijyb
  3291 | D:4      | Killed Ijyb
  3633 | D:4      | You fall into a shaft and drop 2 floors!
  3710 | D:6      | Splashed by a jelly's acid

Illustrated notes

Levels and vault maps discovered:
D:1:      nzn_arrival_depleted_hourglass, layout_basic
D:2:      layout_loops_cross, uniq_crazy_yiuf_cottage, uniq_robin
D:3:      layout_loops_ring, uniq_sigmund
D:4:      layout_basic, tgw_trog, minmay_liquid_box,
          amcnicky_altar_lugonu_corruption, uniq_blork_the_orc, uniq_ijyb
D:6:      wad_pebble_path, layout_basic, nicolae_overflow_hidden_temple,
          serial_shops, nicolae_shop_trees, nemelex_dance_club_becter

Skill      XL: |  1  2  3  4  5  6  7 |
---------------+----------------------+-----
Stealth        | 3 4 6 7 |  7.5
Fighting       | 4 |  4.5
Short Blades   | 4 |  4.5
Dodging        | 4 |  4.6

Action                   |  1- 3 |  4- 6 |  7- 9 || total
-------------------------+-------+-------+-------++-------
Melee: Short sword       |    81 |       |       ||    81
       Constrict         |    20 |    25 |     4 ||    49
       Tentacles         |    13 |    21 |     6 ||    40
       Dagger            |     3 |    86 |    27 ||   116
  Use: Scroll            |       |       |     5 ||     5
       Potion            |       |       |     4 ||     4
 Stab: Sleeping          |     8 |    18 |     6 ||    32
       Distracted        |       |     1 |       ||     1
Armor: Skin              |    13 |     3 |     2 ||    18
Dodge: Dodged            |    66 |    48 |    42 ||   156
